 Dungeon Crawl Stone Soup version 0.28-a0-1147-gc7b72d3202 (webtiles) character file.

Game seed: 11234347499031281456

81 Htamos the Digger (level 4, -6/26 HPs)
             Began as a Gargoyle Earth Elementalist on Dec 14, 2021.
             Shot with an arrow by a centaur (11 damage)
             ... on level 3 of the Dungeon.
             The game lasted 00:03:30 (2893 turns).

Htamos the Digger (Gargoyle Earth Elementalist)     Turns: 2893, Time: 00:03:32

Health: -6/26      AC:  6    Str: 13    XL:     4   Next: 40%
Magic:  5/7        EV: 11    Int: 16    God:
Gold:   128        SH:  0    Dex: 10    Spells: 1/7 levels left

rFire   . . .      SeeInvis .   i - +2 whip (flame)
rCold   . . .      Faith    .   (no shield)
rNeg    + . .      Spirit   .   b - +0 robe
rPois   ∞          Reflect  .   o - +0 helmet
rElec   +          Harm     .   (no cloak)
rCorr   .          Rampage  .   (no gloves)
Will    .....                   (no boots)
Stlth   ++........              (no amulet)
HPRegen 0.08/turn               (no ring)
MPRegen 0.10/turn               (no ring)

@: no status effects
A: sickness immunity, AC +3, negative energy resistance 1, electricity
resistance, torment resistance 1, petrification resistance
a: no special abilities


You were on level 3 of the Dungeon.
You visited 1 branch of the dungeon, and saw 3 of its levels.

You collected 128 gold pieces.

Inventory:

Hand Weapons
 e - a +0 dagger
 g - a +0 club
 i - a +2 whip of flaming (weapon)
Missiles
 c - 61 stones
Armour
 b - a +0 robe (worn)
 o - a +0 helmet (worn)
Magical Staves
 f - a staff of cold
Jewellery
 d - a ring of willpower
 m - a ring of ice
Scrolls
 a - a scroll of silence {unknown}
 k - 5 scrolls of identify {unknown}
 n - a scroll of fear {unknown}
Potions
 h - 2 potions of brilliance {unknown}
 j - a potion of heal wounds {unknown}
 l - a potion of resistance {unknown}
 p - 2 potions of magic {unknown}


   Skills:
 * Level 2.0 Fighting
 + Level 1.5 Armour
 - Level 1.5 Dodging
 - Level 2.3 Stealth
 + Level 2.4 Spellcasting
 + Level 1.4 Transmutations
 + Level 4.1 Earth Magic


You had one spell level left.
You knew the following spells:

 Your Spells              Type           Power      Damage    Failure   Level
a - Sandblast             Erth           30%        2d9       3%          1
b - Passwall              Tmut/Erth      8%         N/A       10%         2
c - Stone Arrow           Conj/Erth      16%        3d8       26%         3

Your spell library contained the following spells:

 Spells                   Type           Power      Damage    Failure   Level
 Shock                    Conj/Air       4%         1d3       21%         1
 Swiftness                Air            1%         N/A       52%         3
 Petrify                  Tmut/Erth      10%        N/A       52%         4
 Airstrike                Air            0%         N/A       89%         4


Dungeon Overview and Level Annotations

Branches:
Dungeon (3/15)

Altars:

Annotations:
D:1 1 exclusion


Innate Abilities, Weirdness & Mutations

You are immune to sickness and miasma.
Your stone body is resilient. (AC +3)
You are immune to poison.
You resist negative energy. (rN+)
You are resistant to electric shocks. (rElec)
You are resistant to unholy torment.
You are immune to petrification.


Message History

Things that are here:
a +0 club; a goblin corpse
c - 63 stones (gained 2)
You see here a +0 dagger.
You see here a +0 ring mail.
Found a stone staircase leading down.
Found a flail.
Found a stone staircase leading down.
You see here a +0 flail.
k - 5 scrolls labelled HAWNAN PETYB (gained 1)
You open the door.
A centaur comes into view.
Found 3 scrolls labelled HAWNAN PETYB.
A centaur is nearby!
A centaur is nearby!
There is an open door here.
The centaur shouts!
The centaur wields a +0 shortbow.
The centaur shoots an arrow.
The arrow hits you.
The centaur shoots an arrow.
The arrow hits you.
The centaur shoots an arrow.
The arrow hits you!
* * * LOW HITPOINT WARNING * * *
Unknown command.
Casting: Sandblast (safe; 3% risk of failure)
Confirm with . or Enter, or press ? or * to list all spells.
Aiming: Sandblast (safe; 3% risk of failure)
Press: ? - help, Shift-Dir - straight line, f - centaur
Aim: a centaur, wielding a +0 shortbow and quivering arrows (87% to hit)
The blast of sand hits the centaur.
The centaur is moderately wounded.
The centaur shoots an arrow.
The arrow barely misses you.
Casting: Sandblast (safe; 3% risk of failure)
Confirm with . or Enter, or press ? or * to list all spells.
Aiming: Sandblast (safe; 3% risk of failure)
Press: ? - help, Shift-Dir - straight line, f/p - centaur
Aim: a centaur, wielding a +0 shortbow and quivering arrows (moderately wounded, 87% to hit)
The blast of sand hits the centaur.
The centaur is moderately wounded.
The centaur shoots an arrow.
The arrow hits you!
You die...

##.# #+# ##.#.###.# #..#
##...## #.......# #.##
##.....## ###.##### #..##
##.......## ##.##
#####...####.........####...##
...........+....c....+.......##
##......####........?##.......#
#.....## #.......# #.......#
#...### #..@..# #.......# ##.##
##...## ##.....## ... ##'##
##...## #..## #.# ###.# #..#
#.# #.# ##.##########.#
##.........>...#
#.....#######..# ##....#
#####..#


You could see a centaur.

Vanquished Creatures
  3 adders
  A dart slug (D:2)
  2 ball pythons (D:2)
  6 endoplasms
  2 giant cockroaches (D:2)
  3 goblins (D:3)
  2 hobgoblins (D:2)
  10 kobolds
  4 quokkas
  6 bats
  6 frilled lizards
  6 rats
51 creatures vanquished.

Notes
Turn   | Place    | Note
-------+----------+-------------------------------------------
     0 | D:1      | Htamos the Gargoyle Earth Elementalist began the quest for
                  | the Orb.
     0 | D:1      | Reached XP level 1. HP: 10/10 MP: 3/3
   422 | D:1      | Reached skill level 1 in Transmutations
   422 | D:1      | Reached XP level 2. HP: 16/16 MP: 5/5
   466 | D:1      | Found a faded altar of an unknown god.
  1450 | D:2      | Reached skill level 1 in Fighting
  1450 | D:2      | Reached XP level 3. HP: 20/20 MP: 6/6
  1496 | D:2      | Reached skill level 1 in Armour
  1683 | D:2      | Reached skill level 4 in Earth Magic
  1880 | D:2      | Learned a level 2 spell: Passwall
  1884 | D:2      | Learned a level 3 spell: Stone Arrow
  2257 | D:2      | Reached XP level 4. HP: 24/26 MP: 7/7
  2888 | D:3      | Noticed a centaur
  2893 | D:3      | Shot with an arrow by a centaur

Illustrated notes

Levels and vault maps discovered:
D:1:      amcnicky_arrival_flooded_fountain, layout_basic,
          shapermc_ecumenical_altar_pompeii, ebering_dispersal_statue_hall,
          wander_ebering_terrifying_dragon_lair
D:2:      layout_loops_corners
D:3:      layout_loops_corners, lemuel_blue_sif_altar

Skill      XL: |  1  2  3  4 |
---------------+-------------+-----
Transmutations | 1 |  1.4
Fighting       | 1 2 |  2.0
Armour         | 1 |  1.5
Earth Magic    | 4 |  4.1
Dodging        | |  1.5
Stealth        | |  2.3
Spellcasting   | |  2.4

Action                   |  1- 3 |  4- 6 || total
-------------------------+-------+-------++-------
Melee: Dagger            |    20 |       ||    20
       Unarmed           |    11 |       ||    11
       Club              |    17 |       ||    17
       Whip              |    49 |    27 ||    76
 Cast: Sandblast         |    14 |     2 ||    16
 Stab: Sleeping          |     3 |     3 ||     6
Armor: Robe              |    49 |    10 ||    59
Dodge: Dodged            |    64 |     8 ||    72

Table legend: (Time is in decaauts)
 A = Elapsed time spent in this place.
 B = Non-inter-level travel time spent in this place.
 C = Inter-level travel time spent in this place.
 D = Time resting spent in this place.
 E = Time spent auto-exploring this place.
 F = Levels seen in this place.
 G = Mean time per level.
                   A        B        C        D        E       F      G
               +--------+--------+--------+--------+--------+-----+--------+
         Total |   2903 |   2774 |    129 |      0 |   2357 |   3 |  967.7 |
       Dungeon |   2903 |   2774 |    129 |      0 |   2357 |   3 |  967.7 |
               +--------+--------+--------+--------+--------+-----+--------+

Top non-repeatable levels by time:
     D:1: 1330 daAuts
     D:2: 1128 daAuts
     D:3: 445 daAuts
